 Dungeon Crawl Stone Soup version 0.30.1-3-gfc49f6343a (webtiles) character file.

Game seed: 17174273947669062226

70249 spardeous the Thaumaturge (level 14, -1/115 HPs)
             Began as a Demigod Conjurer on Aug 7, 2023.
             Slain by a boulder beetle (49 damage)
             ... on level 11 of the Dungeon.
             The game lasted 00:29:09 (17168 turns).

spardeous the Thaumaturge (Demigod Conjurer)       Turns: 17168, Time: 00:29:09

Health: -1/115     AC: 10    Str: 12    XL:     14   Next: 51%
Magic:  3/44       EV: 10    Int: 32    God:
Gold:   463        SH:  0    Dex: 12    Spells: 25/37 levels left

rFire   + . .        x - +0 mace of Plague {heavy, rPois rN+}
rCold   . . .        (no shield)
rNeg    + + .        G - +3 ring mail
rPois   +            v - +0 helmet
rElec   +            (no cloak)
rCorr   .            (no gloves)
SInv    .            (no boots)
Will    +....        L - amulet of regeneration
Stlth   +            e - ring "Uwnoetac" {rElec rF+ rN+ Slay+4}
HPRegen 1.19/turn    o - ring of magical power
MPRegen 0.29/turn

%: no passive effects
@: no status effects
A: high MP 1, forlorn, divine attributes
a: no special abilities


You were on level 11 of the Dungeon.
You visited 1 branch of the dungeon, and saw 11 of its levels.
You also visited: Bailey and Ice Cave.

You collected 757 gold pieces.
You spent 294 gold pieces at shops.

Inventory:

Hand Weapons
 x - the +0 mace of Plague (weapon) {heavy, rPois rN+}
   (You found it on level 5 of the Dungeon)

   rPois:     It protects you from poison.
   rN:        It protects you from negative energy.
 B - the +6 short sword "Eviscerator" {protect, Str+3}
   (You found it on level 5 of the Dungeon)

   Str:       It affects your strength (+3).
Missiles
 a - 2 throwing nets
Armour
 n - a +0 scale mail of cold resistance
 v - a +0 helmet (worn)
 G - a +3 ring mail (worn)
 N - a +0 troll leather armour
 Q - +0 ice dragon scales
Magical Staves
 H - a staff of poison
Jewellery
 e - the ring "Uwnoetac" (left hand) {rElec rF+ rN+ Slay+4}
   (You acquired it on level 8 of the Dungeon)

   [ring of slaying]

   Slay:      It affects your accuracy & damage with ranged weapons and melee
   (+4).
   rF:        It protects you from fire.
   rElec:     It insulates you from electricity.
   rN:        It protects you from negative energy.
 j - a ring of see invisible
 k - a ring of flight
 o - a ring of magical power (right hand)
 L - an amulet of regeneration (around neck)
 M - a ring of ice
 O - a +6 ring of intelligence
 P - a ring of willpower
Wands
 l - a wand of polymorph (28)
 r - a wand of flame (16)
 y - a wand of acid (5)
 A - a wand of iceblast (9)
Scrolls
 c - 7 scrolls of amnesia
 d - 4 scrolls of enchant weapon
 f - 3 scrolls of blinking {unknown}
 g - 3 scrolls of teleportation {unknown}
 m - 6 scrolls of fear {unknown}
 s - 3 scrolls of poison
 t - 7 scrolls of fog
 w - 3 scrolls of vulnerability
 z - 2 scrolls of silence
 C - a scroll of torment {unknown}
 D - 3 scrolls of noise
 K - 2 scrolls of enchant armour {unknown}
Potions
 b - 2 potions of magic
 h - a potion of ambrosia
 i - 5 potions of haste
 p - 7 potions of might {unknown}
 q - 7 potions of curing
 u - a potion of flight
 E - a potion of attraction {unknown}
 F - a potion of heal wounds
 I - a potion of brilliance
 J - a potion of berserk rage


   Skills:
 - Level 8.0 Fighting
 - Level 6.9 Armour
 - Level 1.7 Dodging
 - Level 1.7 Stealth
 - Level 12.1 Spellcasting
 - Level 10.2 Conjurations
 + Level 4.7 Necromancy
 - Level 10.0 Translocations
 + Level 4.8 Earth Magic


You had 25 spell levels left.
You knew the following spells:

 Your Spells              Type           Power      Damage    Failure   Level
a - Magic Dart            Conj           100%       1d8       1%          1
b - Searing Ray           Conj           100%       2d8       1%          2
c - Iskenderun's Mystic   Conj/Tloc      71%        2d14      1%          4
d - Borgnjor's Vile Clut  Necr/Erth      25%        N/A       19%         5

Your spell library contained the following spells:

 Spells                   Type           Power      Damage    Failure   Level
 Kiss of Death            Conj/Necr      100%       2d13      1%          1
 Dazzling Flash           Conj/Hex       100%       N/A       1%          3
 Summon Small Mammal      Summ           76%        N/A       4%          1
 Fulminant Prism          Conj/Hex       25%        3d14      6%          4
 Animate Dead             Necr           50%        N/A       7%          4
 Dispel Undead            Necr           50%        3d19      7%          4
 Ensorcelled Hibernation  Hex/Ice        38%        N/A       8%          2
 Call Canine Familiar     Summ           19%        N/A       14%         3
 Confusing Touch          Hex            19%        N/A       14%         3
 Spider Form              Tmut/Pois      19%        N/A       14%         3
 Summon Guardian Golem    Hex/Summ       19%        N/A       14%         3
 Anguish                  Hex/Necr       17%        N/A       19%         4
 Death Channel            Necr           25%        N/A       71%         6


Dungeon Overview and Level Annotations

Branches:
Dungeon (11/15)            Temple (0/1) D:5            Lair (0/5) D:9
    Orc (0/2) D:10         Bailey (visited)           IceCv (visited)

Shops:
D:4 *   D:8 (   D:9 ?   D:11 *

Annotations:
D:2 Terence


Innate Abilities, Weirdness & Mutations

You have an increased reservoir of magic. (+10% MP)
You shall have no god before yourself.
Your divine heritage dramatically boosts your attributes as you level up.


Message History

You erupt in a blast of force!
The mystic blast hits the boulder beetle but does no damage.
The boulder beetle is heavily wounded.
The boulder beetle bites you!
You take 11 damage, and have 58/115 hp.
You now have 1/44 mp.
You hit the boulder beetle but do no damage.
The boulder beetle is heavily wounded.
The boulder beetle bites you but does no damage.
The boulder beetle closely misses you.
You regained 3 hp, and now have 61/115 hp.
Unknown command.
The boulder beetle attacks as you move away!
The boulder beetle bites you but does no damage.
The boulder beetle curls into a ball and begins rolling!
You regained 2 hp, and now have 65/115 hp.
You open the door. The boulder beetle hits you!!
* * * LOW HITPOINT WARNING * * *
The boulder beetle stops rolling and uncurls.
You take 33 damage, and have 32/115 hp.
MASSIVE DAMAGE!!
The boulder beetle leaps!
There is an open door here.
You close the door.
You start resting.
A boulder beetle is nearby!
You regained 4 hp, and now have 39/115 hp.
You open the door.
The boulder beetle leaps!
The boulder beetle curls into a ball and begins rolling!
There is an open door here.
You close the door.
You regained 2 hp, and now have 44/115 hp.
Casting: Iskenderun's Mystic Blast (mildly dangerous; 1% risk of failure)
Confirm with . or Enter, or press ? or * to list all spells.
You erupt in a blast of force!
The mystic blast hits the boulder beetle!
The boulder beetle is heavily wounded.
The boulder beetle is knocked back by the mystic blast.
You now have 2/44 mp.
You open the door. The boulder beetle hits you!!!
You die...

...#..#........#..#..............
...#..#........#..#..............
...####........####..............
.........########....##########..
.........#..#...#....# #..
........(#..#...#....# #..
.........#..#...#....# #..
.........#..#...#....# #..
.........'..#...@....# #..
.....(...#####'##B...#### #..
....##'#.......○.°.......... ...
....#..#.........°..)....... ...
....#..#.................... ...
....#..#.................... ...
#####..#####>...#########+## ###
...>.......#....#...#
...........'....#...#


You could see a boulder beetle (rolling).

Vanquished Creatures
  A frost giant (IceCv)
  2 vault guards (Bailey)
  A hydra (D:9)
  3 two-headed ogres
  8 death yaks (IceCv)
  A wizard (D:9)
  An orc knight (D:9)
  A manticore (D:11)
  An ice statue (IceCv)
  6 rime drakes (IceCv)
  A komodo dragon (D:9)
  A kobold demonologist (D:11)
  4 polar bears (IceCv)
  3 trolls
  Prince Ribbit (Bailey)
  Sigmund (D:2)
  A wyvern (D:11)
  18 yaks
  A vampire (D:11)
  7 humans (Bailey)
  A shadow (D:10)
  2 wraiths
  A steam dragon (D:10)
  5 acid dragons
  A water moccasin (D:9)
  A black bear (D:4)
  2 orc warriors
  8 wolves (IceCv)
  5 ogres
  9 centaurs
  A phantom (D:5)
  Blork the orc (D:5)
  5 kobold brigands
  12 bullfrogs
  2 gnoll sergeants
  6 scorpions
  9 wights
  9 killer bees
  A gnoll bouda (D:3)
  4 hounds
  7 orc priests
  2 jellies
  4 iguanas
  7 orc wizards
  A troll simulacrum (D:11)
  3 spriggan simulacra (D:11)
  16 gnolls
  6 adders
  A naga simulacrum (D:11)
  A shadow imp (D:6)
  3 ufetubi
  2 dart slugs
  46 orcs
  3 bats (D:1)
  8 endoplasms
  3 giant cockroaches
  14 goblins
  10 hobgoblins
  2 jackals (D:1)
  21 kobolds
  6 quokkas
  12 ball pythons
  A frilled lizard (D:3)
  5 rats
332 creatures vanquished.

Notes
Turn   | Place    | Note
-------+----------+-------------------------------------------
     0 | D:1      | spardeous the Demigod Conjurer began the quest for the Orb.
     0 | D:1      | Reached XP level 1. HP: 14/14 MP: 5/5
   146 | D:1      | Reached skill level 2 in Spellcasting
   245 | D:1      | Reached XP level 2. HP: 20/20 MP: 4/7
   383 | D:1      | Got Plato's Papyrus of the Shot
  1302 | D:2      | Reached XP level 3. HP: 26/26 MP: 6/9
  1382 | D:1      | Learned a level 2 spell: Searing Ray
  1681 | D:2      | Noticed Sigmund
  1720 | D:2      | Killed Sigmund
  1721 | D:2      | Reached skill level 3 in Spellcasting
  1721 | D:2      | Reached skill level 5 in Conjurations
  1721 | D:2      | Reached XP level 4. HP: 33/33 MP: 6/12
  1721 | D:2      | Reached XP level 5. HP: 38/38 MP: 6/13
  2270 | D:2      | Noticed Terence
  2448 | D:3      | Reached skill level 4 in Spellcasting
  2658 | D:3      | Reached XP level 6. HP: 36/45 MP: 11/15
  3730 | D:4      | Learned a level 4 spell: Iskenderun's Mystic Blast
  3933 | D:4      | Reached XP level 7. HP: 41/50 MP: 16/16
  4590 | D:4      | Found Zin's Purification Station.
  4831 | D:5      | Entered Level 5 of the Dungeon
  5026 | D:5      | Found a staircase to the Ecumenical Temple.
  5094 | D:5      | Reached XP level 8. HP: 57/57 MP: 17/17
  5264 | D:5      | Identified the +0 mace of Plague {heavy, rPois rN+}
  5483 | D:5      | Noticed Blork the orc
  5488 | D:5      | Killed Blork the orc
  5552 | D:5      | Identified the +6 short sword "Eviscerator" {protect,
                  | Str+3}
  6071 | D:6      | Reached skill level 10 in Conjurations
  6260 | D:6      | Reached skill level 1 in Translocations
  6935 | D:7      | Found a flagged portal.
  6960 | Bailey   | Entered a bailey
  7134 | Bailey   | Reached skill level 5 in Translocations
  7134 | Bailey   | Reached XP level 9. HP: 54/62 MP: 16/18
  7591 | Bailey   | Noticed Prince Ribbit
  7599 | Bailey   | Killed Prince Ribbit
  7759 | Bailey   | Noticed a vault guard
  7772 | Bailey   | Noticed a vault guard
  7801 | Bailey   | Killed a vault guard
  7804 | Bailey   | Killed a vault guard
  7805 | Bailey   | Reached XP level 10. HP: 40/69 MP: 12/19
  8483 | D:7      | Reached skill level 10 in Translocations
  9240 | D:8      | Found Kiatual's Firing Range.
  9297 | D:8      | Reached skill level 5 in Spellcasting
 10214 | D:8      | Identified a scroll of acquirement
 10221 | D:8      | Acquired the ring "Uwnoetac" {rElec rF+ rN+ Slay+4}
 10303 | D:9      | Noticed a two-headed ogre
 10306 | D:9      | Killed a two-headed ogre
 10307 | D:9      | Reached skill level 6 in Spellcasting
 10541 | D:9      | Reached skill level 7 in Spellcasting
 10830 | D:9      | Found a staircase to the Lair.
 11240 | D:9      | Noticed a four-headed hydra
 11263 | D:9      | Killed a four-headed hydra
 11288 | D:9      | Reached skill level 8 in Spellcasting
 11445 | D:9      | Reached XP level 11. HP: 61/74 MP: 20/27
 11705 | D:9      | Found Qowkoocs's Magic Scroll Emporium.
 11708 | D:9      | Bought a scroll of identify for 28 gold pieces
 11708 | D:9      | Bought a scroll of identify for 28 gold pieces
 11708 | D:9      | Bought a scroll of noise for 14 gold pieces
 11708 | D:9      | Bought a scroll of fog for 56 gold pieces
 11708 | D:9      | Bought a scroll of amnesia for 56 gold pieces
 11708 | D:9      | Bought a scroll of poison for 56 gold pieces
 11708 | D:9      | Bought a scroll of vulnerability for 56 gold pieces
 11710 | D:9      | Reached XP level 12. HP: 101/101 MP: 28/28
 11711 | D:9      | Reached skill level 10 in Spellcasting
 11711 | D:9      | Reached XP level 13. HP: 107/107 MP: 32/32
 11712 | D:9      | Reached XP level 14. HP: 115/115 MP: 33/33
 12097 | D:9      | Reached skill level 11 in Spellcasting
 12321 | D:10     | Entered Level 10 of the Dungeon
 12983 | D:10     | Found a staircase to the Orcish Mines.
 13612 | D:11     | Found a frozen archway.
 13643 | D:11     | Reached skill level 12 in Spellcasting
 13658 | IceCv    | Entered an ice cave
 13872 | IceCv    | Learned a level 5 spell: Borgnjor's Vile Clutch
 13972 | IceCv    | Reached skill level 1 in Necromancy
 13972 | IceCv    | Reached skill level 1 in Earth Magic
 15809 | IceCv    | Noticed a frost giant
 15918 | IceCv    | Killed a frost giant
 17037 | D:11     | Found Usylidwu's Changing Room.
 17168 | D:11     | Slain by a boulder beetle

Illustrated notes

Levels and vault maps discovered:
D:1:      mrwooster_arrival_statue, layout_basic,
          shapermc_ecumenical_altar_rom_forum, corner_web_ring
D:2:      layout_basic, minmay_door_square, uniq_terence, uniq_sigmund
D:3:      layout_basic, okawaru_metal_pillars_3, nicolae_overflow_crystal_walls,
          nicolae_elevator_lobby_plus
D:4:      minmay_chambers_of_threes, layout_basic, zin_purify
D:5:      layout_loops_ring, chequers_temple_overflow_statue_of_worship,
          minmay_temple_entry_drinking_statues, serial_park_tiny_pond,
          uniq_blork_the_orc
D:6:      layout_basic, mainiacjoe_overflow_tiny_flanked
D:7:      layout_loops_cross, lemuel_round_altar, minitemple, enter_bailey_3
D:8:      layout_basic, nemelex_spade_bored_becter, supply_closet_lemuel,
          nicolae_shop_firing_range
D:9:      nzn_winding_woodlands_cross [nzn_winding_woodlands_5x15_parted,
          nzn_winding_woodlands_5x15_pathside_ponds,
          nzn_winding_woodlands_5x15_default,
          nzn_winding_woodlands_5x15_concentric,
          nzn_winding_woodlands_15x15_boxy_spiral], layout_stronghold,
          david_lair_shrubbed, serial_shops, nicolae_shop_behind_doors
D:10:     layout_irregular_city, orc_0_dummy, serial_column_ruins,
          column_ruins_grid_1, column_ruins_open_medium,
          column_ruins_open_small, column_ruins_corridor_straight,
          column_ruins_open_small, billiards_dpeg
D:11:     layout_gridville, portal_ice_cave_entry_ice_simulacra,
          serial_park_tiny_2, nicolae_transmutations_shop, grunt_ministairs_2,
          minmay_misc_feat_more_columns

Skill      XL: |  1  2  3  4  5  6  7  8  9 10 11 12 13 14 |
---------------+-------------------------------------------+-----
Spellcasting   | 2 3 4 8 10 12 | 12.1
Conjurations   | 4 5 7 8 10 | 10.2
Translocations | 5 9 10 | 10.0
Fighting       | 8 |  8.0
Armour         | 6 |  6.9
Necromancy     | 4 |  4.7
Earth Magic    | 4 |  4.8
Dodging        | |  1.7
Stealth        | |  1.7

Action                     |  1- 3 |  4- 6 |  7- 9 | 10-12 | 13-15 || total
---------------------------+-------+-------+-------+-------+-------++-------
  Melee: Unarmed           |     1 |       |       |       |       ||     1
         Mace              |       |       |       |    23 |    12 ||    35
         Punch             |       |       |       |     1 |       ||     1
   Cast: Magic Dart        |    65 |   104 |    93 |     1 |     7 ||   270
         Searing Ray       |     3 |    14 |    36 |     1 |     2 ||    56
         Iskenderun's Myst |       |       |    20 |    88 |   212 ||   320
         Borgnjor's Vile C |       |       |       |       |    13 ||    13
  Evoke: Wand              |       |       |       |       |     6 ||     6
    Use: Potion            |       |       |     2 |     2 |     2 ||     6
         Scroll            |       |       |       |    11 |       ||    11
 Armour: Robe              |     2 |       |       |       |       ||     2
         Scale mail        |       |    13 |    29 |     5 |       ||    47
         Ring mail         |       |       |       |    32 |    51 ||    83
  Dodge: Dodged            |    11 |    18 |    40 |    48 |    83 ||   200
